 Dungeon Crawl Stone Soup version 0.29-a0-284-gf9362112df (webtiles) character file.

Game seed: 3379939049006228691

25 silky the Skirmisher (level 2, -1/28 HPs)
             Began as a Minotaur Chaos Knight on Mar 31, 2022.
             Was a Plaything of Xom.
             Killed by nerve-wracking pain
             ... invoked by an orc priest
              (7 damage)
             ... on level 2 of the Dungeon.
             The game lasted 00:02:13 (729 turns).

silky the Skirmisher (Minotaur Chaos Knight)         Turns: 729, Time: 00:02:16

Health: -1/28      AC:  8    Str: 16    XL:     2   Next: 82%
Magic:  1/1        EV:  7    Int:  9    God:    Xom [..*...]
Gold:   7          SH:  0    Dex:  9    Spells: 1/1 levels left

rFire   . . .      SeeInvis .   a - +0 mace (chaos)
rCold   . . .      Faith    +   (no shield)
rNeg    . . .      Spirit   .   j - +0 chain mail
rPois   .          Reflect  .   (helmet restricted)
rElec   .          Harm     .   (no cloak)
rCorr   .          Rampage  .   (no gloves)
Will    .....                   (no boots)
Stlth   ..........              h - amulet of faith
HPRegen 0.09/turn               (no ring)
MPRegen 0.07/turn               (no ring)

@: no status effects
A: horns 2, retaliatory headbutt
a: Renounce Religion


You were on level 2 of the Dungeon.
You worshipped Xom.
You were a toy of Xom.
You visited 1 branch of the dungeon, and saw 2 of its levels.

You collected 7 gold pieces.

Inventory:

Hand Weapons
 a - a +0 mace of chaos (weapon)
 g - a +0 hand crossbow
Armour
 j - a +0 chain mail (worn)
Jewellery
 h - an amulet of faith (around neck)
Scrolls
 d - a scroll of vulnerability {unknown}
 e - a scroll of enchant armour {unknown}
 f - a scroll of fog {unknown}
 i - a scroll of magic mapping {unknown}
Miscellaneous
 c - a piece from Xom's chessboard (15/15) (quivered)


   Skills:
 + Level 4.4 Fighting
 + Level 4.2 Maces & Flails
 + Level 2.5 Armour
 + Level 1.2 Dodging


You had one spell level left.
You didn't know any spells.
Your spell library was empty.

Dungeon Overview and Level Annotations

Branches:
Dungeon (2/15)

Altars:

Annotations:
D:2 Natasha


Innate Abilities, Weirdness & Mutations

You have a pair of horns on your head.
You reflexively headbutt those who attack you in melee.


Message History

Done exploring.
Okay, then.
There is a stone staircase leading down here.
You climb downwards.
The orc shouts!
The orc priest shouts!
You hear a shout!
Found 8 gold pieces.
There is a stone staircase leading up here.
Natasha, Servant of Life and Death comes into view.
Found a stone staircase leading down.
Natasha hisses angrily.
You hear a shout!
A ball python comes into view.
The ball python hisses angrily.
The orc priest mumbles some strange prayers to Beogh against you.
Beogh smites you!
A shower of butterflies erupts from you!
You closely miss the ball python. Your headbutt misses the ball python.
The ball python closely misses you. The ball python grabs you.
The ball python constricts you.
You closely miss the ball python.
The ball python bites you but does no damage.
The ball python constricts you.
An orc comes into view. It is wielding a +0 whip.
The ball python bites you but does no damage.
The ball python constricts you.
You barely miss the ball python. The ball python barely misses you.
The ball python constricts you.
You closely miss the ball python. The ball python completely misses you.
You furiously retaliate!
You headbutt the ball python.
You kill the ball python!
Natasha stares at you and mumbles some strange words.
You resist with significant effort.
The orc priest attacks as you move away!
The orc priest hits you with a +6 mace!
* * * LOW HITPOINT WARNING * * *
Found a stone staircase leading up.
An orc comes into view.
It is wielding a +2 flail of protection.
The orc priest invokes the aid of Beogh against you.
Pain shoots through your body!
You die...
Xom laughs nastily!

###############
#..............
#..............
#<.............
.####....bb........
.........h....b.....
......oo......>.....
......###oo.@.......
...... #.###$##.###
.....o #.# .# ....h.
#.# .# ..... #.# .#
#.# <# #.. .# ## ..


You could see an orc priest (ally target), Natasha and 3 orcs.

Vanquished Creatures
  A dart slug (D:1)
  An endoplasm (D:1)
  3 giant cockroaches (D:1)
  2 goblins (D:1)
  2 hobgoblins (D:1)
  3 jackals (D:1)
  2 ball pythons
  A bat (D:1)
  2 frilled lizards (D:1)
  A kobold (D:1)
  3 rats (D:1)
21 creatures vanquished.

Notes
Turn   | Place    | Note
-------+----------+-------------------------------------------
     0 | D:1      | silky the Minotaur Chaos Knight began the quest for the
                  | Orb.
     0 | D:1      | Reached XP level 1. HP: 19/19 MP: 0/0
   229 | D:1      | Reached XP level 2. HP: 24/27 MP: 1/1
   241 | D:1      | XOM: divination: detect items
   352 | D:1      | XOM: silly message
   466 | D:1      | XOM: silly message
   720 | D:2      | Noticed Natasha
   724 | D:2      | XOM: butterfly on damage
   729 | D:2      | Killed from afar by an orc priest

Illustrated notes

Levels and vault maps discovered:
D:1:      giann_forest_graveyard, layout_basic
D:2:      cheibrodos_greedy_goblins, layout_basic,
          dreamdust_ecumenical_altar_hidden_monk_grotto, uniq_natasha

Skill      XL: |  1  2 |
---------------+-------+-----
Fighting       | 4 |  4.4
Maces & Flails | 4 |  4.2
Armour         | |  2.5
Dodging        | |  1.2

Action                   || total
-------------------------++-------
Melee: Mace              ||    49
       Headbutt          ||     4
Armor: Leather armour    ||    18
       Chain mail        ||     2
Dodge: Dodged            ||    25

Table legend: (Time is in decaauts)
 A = Elapsed time spent in this place.
 B = Non-inter-level travel time spent in this place.
 C = Inter-level travel time spent in this place.
 D = Time resting spent in this place.
 E = Time spent auto-exploring this place.
 F = Levels seen in this place.
 G = Mean time per level.
                   A        B        C        D        E       F      G
               +--------+--------+--------+--------+--------+-----+--------+
         Total |    738 |    724 |     14 |      0 |    541 |   2 |  369.0 |
       Dungeon |    738 |    724 |     14 |      0 |    541 |   2 |  369.0 |
               +--------+--------+--------+--------+--------+-----+--------+

Top non-repeatable levels by time:
     D:1: 728 daAuts
     D:2: 10 daAuts
